Unix NetHack Version 3.7.0-65 Work-in-progress - last build Oct 10 2022 05:34:18 (2afc5cfc90f7ecdc2856d9919a2295b875398e55,branch:master).

Game began 2022-10-23 21:26:57, ended 2022-10-23 21:54:12.

Gandelf, neutral male human Monk

  
stone
stone
stone
stone
stone
stone
stone
stone
stone
stone
stone
stone
stone
stone
stone
stone
stone
stone
stone
stone
stone
stone
stone
stone
stone
stone
stone
stone
stone
stone
stone
stone
stone
stone
stone
stone
stone
stone
stone
stone
stone
stone
stone
stone
stone
stone
stone
stone
stone
stone
stone
stone
stone
stone
stone
stone
stone
stone
stone
stone
stone
stone
stone
stone
stone
stone
stone
stone
stone
stone
stone
stone
stone
stone
stone
stone
stone
stone
stone
stone
stone
stone
stone
stone
stone
stone
stone
stone
stone
stone
stone
stone
stone
stone
stone
stone
stone
stone
stone
stone
stone
stone
stone
stone
stone
stone
stone
stone
stone
stone
stone
stone
stone
stone
stone
stone
stone
stone
stone
stone
stone
stone
stone
stone
stone
stone
stone
stone
stone
stone
stone
stone
stone
stone
stone
stone
stone
stone
stone
stone
stone
stone
stone
stone
stone
stone
stone
stone
stone
stone
stone
stone
stone
stone
stone
stone
stone
stone
stone
stone
stone
stone
stone
stone
stone
stone
stone
stone
stone
stone
stone
stone
stone
stone
stone
stone
stone
stone
stone
stone
stone
stone
stone
stone
stone
stone
stone
stone
stone
stone
stone
stone
stone
stone
stone
stone
stone
stone
stone
stone
stone
stone
stone
stone
stone
stone
stone
stone
stone
stone
stone
stone
stone
stone
stone
stone
stone
stone
stone
stone
stone
stone
stone
stone
stone
stone
stone
stone
stone
stone
stone
stone
stone
stone
stone
stone
stone
stone
stone
stone
stone
stone
stone
stone
stone
stone
stone
stone
stone
stone
stone
stone
stone
stone
stone
stone
stone
stone
stone
stone
stone
stone
stone
stone
stone
stone
stone
stone
stone
stone
stone
stone
stone
stone
stone
stone
stone
stone
stone
stone
stone
stone
stone
stone
stone
stone
stone
stone
stone
stone
stone
stone
stone
stone
stone
stone
stone
stone
stone
stone
stone
stone
stone
stone
stone
stone
stone
stone
stone
stone
stone
stone
stone
stone
stone
stone
stone
stone
stone
stone
stone
stone
stone
stone
stone
stone
stone
stone
stone
stone
stone
stone
stone
stone
stone
stone
stone
stone
stone
stone
stone
stone
stone
stone
stone
stone
stone
stone
stone
stone
stone
stone
stone
stone
stone
stone
stone
stone
stone
stone
stone
stone
stone
stone
stone
stone
stone
stone
stone
stone
stone
stone
stone
stone
stone
stone
stone
stone
stone
stone
stone
stone
stone
stone
stone
stone
stone
stone
stone
stone
stone
stone
stone
stone
stone
stone
stone
stone
stone
stone
stone
stone
stone
stone
stone
stone
stone
stone
stone
stone
stone
stone
stone
stone
stone
stone
stone
stone
stone
stone
stone
stone
stone
stone
stone
stone
stone
wall
wall
wall
wall
wall
wall
wall
wall
stone
stone
stone
wall
wall
wall
wall
stone
stone
stone
stone
stone
stone
stone
stone
stone
stone
stone
stone
stone
stone
stone
stone
stone
stone
stone
stone
stone
stone
stone
stone
stone
stone
stone
stone
stone
stone
stone
stone
stone
stone
stone
stone
stone
stone
stone
stone
stone
stone
stone
stone
stone
stone
stone
stone
stone
stone
stone
stone
stone
stone
stone
stone
stone
stone
stone
stone
stone
stone
stone
stone
wall
.floor of a room
.floor of a room
.dark part of a room
.dark part of a room
.dark part of a room
.dark part of a room
wall
wall
wall
wall
wall
?a scroll labeled GNIK SISI VLE
?a scroll labeled GNIK SISI VLE
wall
stone
stone
stone
stone
stone
stone
stone
stone
stone
stone
stone
stone
stone
stone
stone
stone
stone
stone
stone
stone
stone
stone
stone
stone
stone
stone
stone
stone
stone
stone
stone
stone
stone
stone
stone
stone
stone
stone
stone
stone
stone
stone
stone
stone
stone
stone
stone
stone
stone
stone
stone
stone
stone
stone
stone
stone
stone
stone
stone
stone
stone
stone
stone
stone
wall
.floor of a room
.floor of a room
.floor of a room
.floor of a room
.floor of a room
.floor of a room
.floor of a room
.floor of a room
.floor of a room
qleocrotta
@human monk called Gandelf
.floor of a room
%a pancake
wall
stone
stone
stone
stone
stone
stone
stone
stone
stone
stone
stone
stone
stone
stone
stone
stone
stone
stone
stone
stone
stone
stone
stone
stone
stone
stone
stone
stone
stone
stone
stone
stone
stone
stone
stone
stone
stone
stone
stone
stone
stone
stone
stone
stone
stone
stone
stone
stone
stone
stone
stone
stone
stone
stone
stone
stone
stone
stone
stone
stone
stone
stone
stone
stone
wall
.dark part of a room
=an engagement ring
.dark part of a room
.dark part of a room
.dark part of a room
0a boulder
wall
wall
wall
wall
wall
wall
^pit
wall
stone
stone
stone
stone
stone
stone
stone
stone
stone
stone
stone
stone
stone
stone
stone
stone
stone
stone
stone
stone
stone
stone
stone
stone
stone
stone
stone
stone
stone
stone
stone
stone
stone
stone
stone
stone
stone
stone
stone
stone
stone
stone
stone
stone
stone
stone
stone
stone
stone
stone
stone
stone
stone
stone
stone
stone
stone
stone
stone
stone
stone
stone
stone
stone
wall
.dark part of a room
.dark part of a room
.dark part of a room
.dark part of a room
.dark part of a room
.dark part of a room
wall
stone
stone
stone
stone
wall
^pit
wall
stone
stone
stone
stone
stone
stone
stone
stone
stone
stone
stone
stone
stone
stone
stone
stone
stone
stone
stone
stone
stone
stone
stone
stone
stone
stone
stone
stone
stone
stone
stone
stone
stone
stone
stone
stone
stone
stone
stone
stone
stone
stone
stone
stone
stone
stone
stone
stone
stone
stone
stone
stone
stone
stone
stone
stone
stone
stone
stone
stone
stone
stone
stone
stone
wall
wall
wall
wall
wall
.dark part of a room
wall
wall
wall
wall
wall
wall
wall
^pit
wall
stone
stone
stone
stone
stone
stone
stone
stone
stone
stone
stone
stone
stone
stone
stone
stone
stone
stone
stone
stone
stone
stone
stone
stone
stone
stone
stone
stone
stone
stone
stone
stone
stone
stone
stone
stone
stone
stone
stone
stone
stone
stone
stone
stone
stone
stone
stone
stone
stone
stone
stone
stone
stone
stone
stone
stone
stone
stone
stone
stone
stone
stone
stone
stone
wall
.dark part of a room
%a tripe ration
.dark part of a room
.dark part of a room
.dark part of a room
wall
.dark part of a room
.dark part of a room
.dark part of a room
.dark part of a room
wall
wall
^pit
wall
stone
stone
stone
stone
stone
stone
stone
stone
stone
stone
stone
stone
stone
stone
stone
stone
stone
stone
stone
stone
stone
stone
stone
stone
stone
stone
stone
stone
stone
stone
stone
stone
stone
stone
stone
stone
stone
stone
stone
stone
stone
stone
stone
stone
stone
stone
stone
stone
stone
stone
stone
stone
stone
stone
stone
stone
stone
stone
stone
stone
stone
stone
stone
stone
wall
.dark part of a room
0a boulder
.dark part of a room
0a boulder
.dark part of a room
wall
0a boulder
0a boulder
0a boulder
.dark part of a room
wall
wall
^pit
wall
stone
stone
stone
stone
stone
stone
stone
stone
stone
stone
stone
stone
stone
stone
stone
stone
stone
stone
stone
stone
stone
stone
stone
stone
stone
stone
stone
stone
stone
stone
stone
stone
stone
stone
stone
stone
stone
stone
stone
stone
stone
stone
stone
stone
stone
stone
stone
stone
stone
stone
stone
stone
stone
stone
stone
stone
stone
stone
stone
stone
stone
stone
stone
stone
wall
.dark part of a room
.dark part of a room
0a boulder
0a boulder
%a tin
.dark part of a room
.dark part of a room
.dark part of a room
.dark part of a room
.dark part of a room
wall
wall
^pit
wall
stone
stone
stone
stone
stone
stone
stone
stone
stone
stone
stone
stone
stone
stone
stone
stone
stone
stone
stone
stone
stone
stone
stone
stone
stone
stone
stone
stone
stone
stone
stone
stone
stone
stone
stone
stone
stone
stone
stone
stone
stone
stone
stone
stone
stone
stone
stone
stone
stone
stone
stone
stone
stone
stone
stone
stone
stone
stone
stone
stone
stone
stone
stone
stone
wall
.dark part of a room
.dark part of a room
.dark part of a room
.dark part of a room
wall
wall
wall
.dark part of a room
.dark part of a room
.dark part of a room
>branch staircase down
wall
<staircase up
wall
stone
stone
stone
stone
stone
stone
stone
stone
stone
stone
stone
stone
stone
stone
stone
stone
stone
stone
stone
stone
stone
stone
stone
stone
stone
stone
stone
stone
stone
stone
stone
stone
stone
stone
stone
stone
stone
stone
stone
stone
stone
stone
stone
stone
stone
stone
stone
stone
stone
stone
stone
stone
stone
stone
stone
stone
stone
stone
stone
stone
stone
stone
stone
stone
wall
wall
wall
wall
wall
wall
stone
wall
wall
wall
wall
wall
wall
wall
wall
stone
stone
stone
stone
stone
stone
stone
stone
stone
stone
stone
stone
stone
stone
stone
stone
stone
stone
stone
stone
stone
stone
stone
stone
stone
stone
stone
stone
stone
stone
stone
stone
stone
stone
stone
stone
stone
stone
stone
stone
stone
stone
stone
stone
stone
stone
stone
stone
stone
stone
stone
stone
stone
stone
stone
stone
stone
stone
stone
stone
stone
stone
stone
stone
stone
stone
stone
stone
stone
stone
stone
stone
stone
stone
stone
stone
stone
stone
stone
stone
stone
stone
stone
stone
stone
stone
stone
stone
stone
stone
stone
stone
stone
stone
stone
stone
stone
stone
stone
stone
stone
stone
stone
stone
stone
stone
stone
stone
stone
stone
stone
stone
stone
stone
stone
stone
stone
stone
stone
stone
stone
stone
stone
stone
stone
stone
stone
stone
stone
stone
stone
stone
stone
stone
stone
stone
stone
stone
stone
stone
stone
stone
stone
stone
stone
stone
stone
stone
stone
stone
stone
stone
stone
stone
stone
stone
stone
stone
stone
stone
stone
stone
stone
stone
stone
stone
stone
stone
stone
stone
stone
stone
stone
stone
stone
stone
stone
stone
stone
stone
stone
stone
stone
stone
stone
stone
stone
stone
stone
stone
stone
stone
stone
stone
stone
stone
stone
stone
stone
stone
stone
stone
stone
stone
stone
stone
stone
stone
stone
stone
stone
stone
stone
stone
stone
stone
stone
stone
stone
stone
stone
stone
stone
stone
stone
stone
stone
stone
stone
stone
stone
stone
stone
stone
stone
stone
stone
stone
stone
stone
stone
stone
stone
stone
stone
stone
stone
stone
stone
stone
stone
stone
stone
stone
stone
stone
stone
stone
stone
stone
stone
stone
stone
stone
stone
stone
stone
stone
stone
stone
stone
stone
stone
stone
stone
stone
stone
stone
stone
stone
stone
stone
stone
stone
stone
stone
stone
stone
stone
stone
stone
stone
stone
stone
stone
stone
stone
stone
stone
stone
stone
stone
stone
stone
stone
stone
stone
stone
stone
stone
stone
stone
stone
stone
stone
stone
stone
stone
stone
stone
stone
stone
stone
stone
stone
stone
stone
stone
stone
stone
stone
stone
stone
stone
stone
stone
stone
stone
stone
stone
stone
stone
stone
stone
stone
stone
stone
stone
stone
stone
stone
stone
stone
stone
stone
stone
stone
stone
stone
stone
stone
stone
stone
stone
stone
stone
stone
stone
stone
stone
stone
stone
stone
stone
stone
stone
stone
stone
stone
stone
stone
stone
stone
stone
stone
stone
stone
stone
stone
stone
stone
stone
stone
stone
stone
stone
stone
stone
stone
stone
stone
stone
stone
stone
stone
stone
stone
stone
stone
stone
stone
stone
stone
stone
stone
stone
stone
stone
stone
stone
stone
stone
stone
stone
stone
stone
stone
[Gandelf the Initiate ] St:18/06 Dx:13 Co:12 In:10 Wi:16 Ch:11 Neutral S:5703 Dlvl:8 $:1713 HP:0(54) Pw:41(41) AC:0 Xp:7/895 T:3586 Satiated Burdened

Latest messages:

You have a little trouble lifting Q - a scroll of identify.
What do you want to read? [cdmptwK-MOQ-T or ?*] Q
As you read the scroll, it disappears.
L - an uncursed scroll of magic mapping.
t - a cursed scroll of enchant armor.
O - an uncursed scroll of fire.
You climb up the stairs.
You see here a food ration.
You have a little trouble lifting J - a food ration (3 in total).
With great effort you move the boulder.
You see here a tin.
With great effort you move the boulder.
You see here an oak wand.
You have a little trouble lifting Q - an oak wand.
With great effort you move the boulder.
The boulder fills a pit.
With great effort you move the boulder.
The boulder fills a pit.
You see here an engagement ring.
Your knapsack cannot accommodate any more items.
With great effort you move the boulder.
You are carrying too much to get through.
The boulder fills a pit.
With great effort you move the boulder.
The boulder fills a pit.
You see here a scroll labeled GNIK SISI VLE.
Your knapsack cannot accommodate any more items.
You see here a scroll labeled GNIK SISI VLE.
Your knapsack cannot accommodate any more items.
You see here a scroll labeled GNIK SISI VLE.
The leocrotta hits!
The leocrotta misses!
The leocrotta hits!
You miss the leocrotta.
The leocrotta hits!
The leocrotta just misses!
The leocrotta hits!
You hit the leocrotta!
The leocrotta hits!
The leocrotta bites!
The leocrotta hits!
The leocrotta hits!
The leocrotta misses!
The leocrotta hits!
You die...
Do you want your possessions identified? [ynq] (y) y
Do you want to see your attributes? [ynq] (y) y
Do you want an account of creatures vanquished? [ynaq] (y) y
Do you want to see your conduct and achievements? [ynq] (y) y
Do you want to see the dungeon overview? [ynq] (y) y

Inventory:

Coins

$ - 1713 gold pieces

Weapons

u - 2 +0 darts

Armor

B - an uncursed +0 dwarvish iron helm (being worn)
a - an uncursed +2 pair of leather gloves (being worn)
P - a cursed +1 pair of leather gloves
C - an uncursed +0 pair of iron shoes (being worn)
b - an uncursed +1 robe (being worn)

Comestibles

h - 7 uncursed apples
g - 4 uncursed food rations
J - 3 uncursed food rations
j - 4 uncursed fortune cookies
i - 5 uncursed oranges
y - an uncursed tripe ration
Z - an uncursed tripe ration
l - 2 uncursed tins of sauteed green mold
r - an uncursed egg

Scrolls

p - a cursed scroll of amnesia
d - an uncursed scroll of create monster
t - a cursed scroll of enchant armor
O - an uncursed scroll of fire
m - an uncursed scroll of gold detection
K - an uncursed scroll of light
L - an uncursed scroll of magic mapping
M - an uncursed scroll of taming
w - an uncursed scroll of teleportation

Spellbooks

T - a cursed spellbook of extra healing
S - a cursed spellbook of healing
c - a blessed spellbook of protection
R - a cursed spellbook of stone to flesh

Potions

U - 4 cursed potions of extra healing
Y - an uncursed potion of hallucination
V - 4 cursed potions of healing
f - 4 uncursed potions of water

Rings

I - an uncursed ring of cold resistance
D - an uncursed ring of conflict

Wands

q - a wand of lightning (0:5)
W - a cursed wand of sleep (0:7)
Q - a wand of speed monster (0:7)

Tools

n - a magic marker (0:88)
v - a magic marker (0:80)
x - a +0 pick-axe
k - an uncursed skeleton key
X - an uncursed stethoscope
E - an uncursed towel
H - a cursed wax candle

Gems/Stones

o - an uncursed aquamarine stone
s - an uncursed aquamarine stone
N - 2 uncursed chrysoberyl stones
F - an uncursed emerald
z - an uncursed worthless piece of black glass
G - an uncursed worthless piece of orange glass
A - an uncursed worthless piece of violet glass
e - 6 uncursed flint stones

Gandelf the Monk's attributes:


Background:

You were an Initiate, a level 7 male human Monk.
You were neutral, on a mission for Chih Sung-tzu
who was opposed by Shan Lai Ching (lawful) and Huan Ti (chaotic).
You were in Sokoban, on level 8.
You entered the dungeon 3586 turns ago.
You had 895 experience points, 385 more were needed to attain level 8.
Your score was 5703 before end-of-game adjustments.

Basics:

You had 0 out of 54 hit points.
You had all 41 energy points (spell power).
Your armor class was 0.
Your wallet contained 1713 zorkmids.
Autopickup was off.

Final Characteristics:

Your strength was 18/06 (limit:18/100).
Your dexterity was 13 (limit:18).
Your constitution was 12 (limit:18).
Your intelligence was 10 (limit:18).
Your wisdom was 16 (limit:18).
Your charisma was 11 (limit:18).

Final Status:

You were satiated.
You were burdened; movement was slightly slowed.
You were empty handed.
You had basic skill with martial arts and could have enhanced that.

Final Attributes:

You were piously aligned.
You were sleep resistant.
You were poison resistant.
You saw invisible.
You were telepathic.
You were warned.
You were stealthy.
You were guarded.
You were fast.
You are dead.

Miscellaneous:
You encountered 1 bones level.
Total elapsed playing time was 27 minutes and 15 seconds.

Major events:

Turn

1: Gandelf the neutral male human Monk entered the dungeon
944: entered the Gnomish Mines
948: attained the rank of Novice (level 3)
1306: reached Mine Town
1574: attained the rank of Initiate (level 6)
1842: destroyed youngster's ghost, the former Rhizotomist
3520: entered Sokoban
3586: killed by a leocrotta

Vanquished creatures:

a ghost
a small mimic
an ice vortex
a black light
a brown pudding
a rope golem
an imp
a water nymph
an orc shaman
2 yellow lights
2 gnome leaders
2 gnomish wizards
a gray ooze
a little dog
2 floating eyes
5 dwarves
2 rothes
a monkey
2 orc zombies
2 iguanas
8 killer bees
2 hobbits
15 gnomes
a gnome zombie
2 geckos
4 jackals
3 kobolds
2 sewer rats
4 grid bugs
a bat
6 lichens
a kobold zombie
3 newts
83 creatures vanquished.
No species were genocided or became extinct.

Voluntary challenges:

You never hit with a wielded weapon.
You read items or engraved 2 times.
You never engraved Elbereth.
You never genocided any monsters.
You never polymorphed an object.
You never changed form.
You used no wishes.
You did not violate any of the special Sokoban rules.

Achievements:

You entered the Gnomish Mines.
You attained the rank of Novice.
You entered Minetown.
You entered a shop.
You entered a temple.
You attained the rank of Initiate.
You entered Sokoban.

The Dungeons of Doom: levels 1 to 9

   Level 1:
Level 2:
An altar, a fountain.
Level 3:
Stairs down to The Gnomish Mines.
Level 4:
A sink, a grave.
Final resting place for
youngster-Hea-Gno-Mal-Neu, killed by a tower of flame.
Level 5:
A general store, a grave.
Level 6:
A fountain.
Level 7:
A sink.
Level 8:
Level 9:
Stairs up to Sokoban, level 8.

The Gnomish Mines: levels 4 to 7

   Level 4:
Level 5:
Level 6:
Many shops, a temple, some fountains.
Level 7:

Sokoban:

   Level 8: <- You were here.
Unsolved.
Final resting place for
you, killed by a leocrotta.

Game over:

----------
/ \
/ REST \
/ IN \
/ PEACE \
/ \
| Gandelf |
| 1713 Au |
| killed by a |
| leocrotta |
| |
| |
| 2022 |
*| * * * | *
_________)/\\_//(\/(/\)/\//\/|_)_______

Goodbye Gandelf the Monk...


You died in Sokoban on dungeon level 8 with 5532 points,
and 1713 pieces of gold, after 3586 moves.
You were level 7 with a maximum of 54 hit points when you died.